 Dungeon Crawl Stone Soup version 0.19.1-1-g22dce08 (webtiles) character file.

112 Gargoyl the Skirmisher (level 4, -7/40 HPs)
             Began as a Ghoul Abyssal Knight on Jan 20, 2017.
             Was a Believer of Lugonu.
             Mangled by an ogre
             ... wielding a +0 giant club
              (20 damage)
             ... on level 2 of the Dungeon.
             The game lasted 00:04:57 (2375 turns).

Gargoyl the Skirmisher (Ghoul Abyssal Knight)       Turns: 2375, Time: 00:04:58

Health: -7/40      AC:  9    Str: 15    XL:     4   Next: 93%
Magic:  4/4        EV:  6    Int:  7    God:    Lugonu [**....]
Gold:   142        SH:  0    Dex:  9    Spells: 0 memorised, 3 levels left

rFire  . . .     SeeInvis .     a - +1 hand axe
rCold  + . .     Gourm    .     d - +0 chain mail
rNeg   + + +     Faith    .     (no shield)
rPois  ∞         Spirit   .     (no helmet)
rElec  .         Reflect  .     (no cloak)
rCorr  .         Harm     .     (no gloves)
MR     .....                    (no boots)
Stlth  ..........               (no amulet)
                                (no ring)
                                (no ring)

@: rotting
A: rotting body, claws 1, carnivore 3, cold resistance 1, negative energy
resistance 3, slow regeneration 1, torment resistance, unbreathing
a: Depart the Abyss, Bend Space, Renounce Religion


You were on level 2 of the Dungeon.
You worshipped Lugonu.
Lugonu was pleased with you.
You were not hungry.

You visited 1 branch of the dungeon, and saw 3 of its levels.
You visited the Abyss 1 time.

You collected 142 gold pieces.

Inventory:

Hand Weapons
 a - a +1 hand axe (weapon)
Missiles
 h - 8 tomahawks (quivered)
Armour
 d - a +0 chain mail (worn)
Scrolls
 b - a scroll of identify
 i - a scroll of remove curse
Potions
 e - 2 potions of degeneration {unknown}
 f - 3 potions of curing
Comestibles
 c - 5 meat rations
 g - a slice of pizza
 j - a beef jerky
 k - 5 chunks of flesh
 n - a royal jelly


   Skills:
 + Level 3.9 Fighting
 + Level 2.6 Axes
 * Level 3.1 Armour
 + Level 1.0 Dodging
 * Level 2.6 Invocations


You had 3 spell levels left.
You didn't know any spells.

Dungeon Overview and Level Annotations

Branches:
Dungeon (3/15)

Altars:

Annotations:
D:3 soukkis's ghost, amateur VSAs


Innate Abilities, Weirdness & Mutations

Your body is rotting away.
You thrive on raw meat.
You are immune to poison.
You have sharp fingernails.
You are carnivorous and can eat meat at any time.
Your flesh is cold resistant. (rC+)
You are immune to negative energy. (rN+++)
You regenerate slowly when monsters are visible.
You are immune to unholy pain and torment.
You can survive without breathing.


Message History

It was a scroll of magic mapping.
You remove your amulet of guardian spirit.
The ogre barely misses you.
You drop an uncursed amulet of guardian spirit.
You see here a poisoned needle.
You see here a poisoned needle.
The ogre hits you with a giant club.
* * * LOW HITPOINT WARNING * * *
There is a stone staircase leading up here.
A frilled lizard and a gnoll come into view.
The frilled lizard hisses angrily.
The gnoll shouts!
There is a stone staircase leading up here.
The frilled lizard barely misses you. The ogre barely misses you.
You climb upwards.
There is a stone staircase leading down here.
The frilled lizard bites you but does no damage.
It was a potion of curing.
You feel better. The ogre hits you with a giant club!!
Ouch! That really hurt!
You die...

#### ### #... ..# #...
#.############################...
((..........[...@Ol............>.
#.....#########...###.#########'#
.............................##.#
#.....#########...###.######.##.#
#.....# ##### #.# #.##.# #.....#
#.# #..#.# #'##### #.# ##.#.#
...# #.# #...# ...##############
#.# ##..#


You could see an ogre and a frilled lizard.

Vanquished Creatures
  4 adders
  A worm (D:3)
  3 dart slugs
  A leopard gecko (D:1)
  11 bats
  4 giant cockroaches
  15 goblins
  3 hobgoblins
  4 jackals (D:1)
  2 frilled lizards
  12 kobolds
  3 rats (D:2)
63 creatures vanquished.

Notes
Turn   | Place    | Note
-------+----------+-------------------------------------------
     0 | Abyss:1  | Gargoyl the Ghoul Abyssal Knight began the quest for the Orb.
     0 | Abyss:1  | Reached XP level 1. HP: 19/19 MP: 1/1
    93 | Abyss:1  | Noticed a raiju
   112 | Abyss:1  | Noticed a quasit
   118 | Abyss:1  | Noticed a neqoxec
   131 | Abyss:1  | Noticed a crimson imp
   131 | Abyss:1  | Noticed a quasit
   139 | Abyss:1  | Noticed a large abomination
   149 | D:1      | Escaped the Abyss
   427 | D:1      | Noticed a rime drake
   427 | D:1      | Noticed a water moccasin
   427 | D:1      | Noticed a wolf
   435 | D:1      | Noticed a polar bear
   435 | D:1      | Noticed a killer bee
   523 | D:1      | Reached XP level 2. HP: 18/25 MP: 2/2
   640 | D:1      | Reached * piety under Lugonu
   828 | D:1      | Reached XP level 3. HP: 28/33 MP: 3/3
   854 | D:1      | Reached skill level 1 in Dodging
  1731 | D:2      | Reached XP level 4. HP: 25/40 MP: 2/4
  2031 | D:3      | Noticed soukkis's ghost (amateur VSAs)
  2210 | D:3      | Reached ** piety under Lugonu
  2310 | D:3      | Noticed an ogre
  2342 | D:3      | HP: 2/40 [ogre/giant club (5)]
  2375 | D:2      | Mangled by an ogre

Skill      XL: |  1  2  3  4 |
---------------+-------------+-----
Armour         | 2 3 |  3.1
Axes           | 2 |  2.6
Dodging        | 1 |  1.0
Fighting       | |  3.9
Invocations    | |  2.6

Action                   |  1- 3 |  4- 6 || total
-------------------------+-------+-------++-------
Melee: Hand axe          |   172 |    75 ||   247
Invok: Depart the Abyss  |     1 |       ||     1
  Use: Scroll            |     2 |     4 ||     6
       Potion            |       |     1 ||     1
  Eat: Chunk             |    15 |    11 ||    26
Armor: Chain mail        |   169 |    53 ||   222
       Leather armour    |     8 |       ||     8
Dodge: Dodged            |    97 |    36 ||   133
